 Dungeon Crawl Stone Soup version 0.18-a0-1405-g73f4075 (console) character file.

5412 Liam the Thaumaturge (level 10, -19/91 HPs)
             Began as a Deep Elf Wizard on Feb 23, 2016.
             Was a Priest of Vehumet.
             Demolished by a hill giant
             ... wielding a +0 giant club
              (25 damage)
             ... on level 10 of the Dungeon on Feb 24, 2016.
             The game lasted 00:35:14 (15078 turns).

Liam the Thaumaturge (Deep Elf Wizard)             Turns: 15078, Time: 00:35:15

Health: -19/91     AC: 25    Str:  1 (4)  XL:     10   Next: 40%
Magic:  2/26       EV:  4    Int: 26 (27) God:    Vehumet [***...]
Gold:   408        SH:  0    Dex: 13 (15) Spells: 6 memorised, 16 levels left

rFire  . . .     SeeInvis +     (no weapon)
rCold  + . .     Gourm    +     (armour currently unavailable)
rNeg   + + +     Faith    .     (no shield)
rPois  +         Spirit   .     (helmet currently unavailable)
rElec  .         Dismiss  .     (cloak currently unavailable)
rCorr  .         Reflect  .     (gloves currently unavailable)
SustAt .         Harm     .     (boots currently unavailable)
MR     +....     Rnd*Rage +     s - amulet of the gourmand
Stlth  +++....... NoTele   +    y - ring of protection from cold
                                (no ring)

@: tree-form, very slightly contaminated, somewhat resistant to hostile
enchantments, fairly stealthy
A: repulsion field 1, see invisible, agile 1, berserk 1, regeneration 1, robust
1, teleportitis 1, (sturdy frame 0)
a: Renounce Religion


You were on level 10 of the Dungeon.
You worshipped Vehumet.
Vehumet was most pleased with you.
You were very full.
You were a tree.
You visited 1 branch of the dungeon, and saw 10 of its levels.

You collected 483 gold pieces.
You spent 75 gold pieces at shops.

Inventory:

Armour
 b - a +0 hat (melded)
 q - a +1 cloak of magic resistance (melded)
 C - a +3 leather armour of cold resistance (melded)
Jewellery
 f - an uncursed ring of stealth
 l - a +3 ring of strength
 o - an uncursed ring of teleportation
 s - an amulet of the gourmand (around neck)
 u - an uncursed amulet of rage
 y - a ring of protection from cold (right branch)
Wands
 e - a wand of teleportation (2/9)
 m - a wand of confusion (38/48)
 n - a wand of polymorph (13/24)
 z - a wand of confusion (36/48)
 J - a wand of flame (5/48)
Scrolls
 a - 2 scrolls of enchant weapon
 g - 6 scrolls of identify {unknown}
 i - a scroll of blinking
 t - a scroll of immolation
 v - 10 scrolls of remove curse
 w - a scroll of fog {unknown}
 D - 2 scrolls of amnesia {unknown}
 H - a scroll of recharging {unknown}
Potions
 h - 2 potions of haste
 j - a potion of cancellation
 k - 3 potions of brilliance
 p - a potion of might
 B - a potion of degeneration
 G - a potion of curing
Books
 c - a book of Minor Magic

   Spells                             Type                      Level
   a - Magic Dart                     Conjuration                  1
   b - Blink                          Translocation                2
   c - Call Imp                       Summoning                    2
   d - Repel Missiles                 Charms/Air                   2
   e - Slow                           Hexes                        2
   f - Conjure Flame                  Conjuration/Fire             3
   g - Mephitic Cloud                 Conjuration/Poison/Air       3
 r - a book of Maledictions

   Spells                             Type                      Level
   a - Corona                         Hexes                        1
   b - Ensorcelled Hibernation        Hexes/Ice                    2
   c - Confuse                        Hexes                        3
   d - Tukima's Dance                 Hexes                        3
   e - Dazzling Spray                 Conjuration/Hexes            3
Comestibles
 d - 7 bread rations
 x - a royal jelly
 I - 24 fruits


   Skills:
 + Level 3.0 Fighting
 - Level 2.4 Dodging
 - Level 2.4 Stealth
 + Level 10.2 Spellcasting
 * Level 9.9 Conjurations
 + Level 4.4 Charms
 - Level 4.1 Summonings
 - Level 3.0 Translocations
 + Level 4.7 Fire Magic
 - Level 5.0 Air Magic
 - Level 4.0 Poison Magic


You had 16 spell levels left.
You knew the following spells:

 Your Spells              Type           Power        Failure   Level  Hunger
a - Magic Dart            Conj           ####         1%          1    None
b - Blink                 Tloc           N/A          1%          2    None
d - Mephitic Cloud        Conj/Pois/Air  #####...     1%          3    None
e - Conjure Flame         Conj/Fire      ######..     1%          3    None
i - Call Imp              Summ           ####....     1%          2    None
m - Repel Missiles        Chrm/Air       #####.       1%          2    None


Dungeon Overview and Level Annotations

Branches:
Dungeon (10/15)            Temple (0/1) D:7
   Lair: D:8-11         Orc: D:9-12

Altars:
Ashenzari
Kikubaaqudgha
Makhleb
Nemelex Xobeh
Pakellas
Ru
Sif Muna
Trog
Vehumet
Xom
Yredelemnul
Zin
The Shining One

Shops:
D:5 *[   D:7 !


Innate Abilities, Weirdness & Mutations

You are surrounded by a mild repulsion field (EV +2).
You have supernaturally acute eyesight.
You are agile. (Dex +2)
You tend to lose your temper in combat.
Your natural rate of healing is unusually fast.
You are robust (+10% HP).
You are occasionally teleported next to monsters.
((Your movements are slightly less encumbered by armour (ER -2).))


Message History

You cannot teleport because you are held in place by your roots.
Unknown command.
Evoke which item? (* to show all) (? for menu, Esc to quit)
Zapping:
e - a wand of teleportation (will waste charges)
Press: ? - help, Shift-Dir - straight line, f - hill giant
Aim: a hill giant, wielding a giant club (chance to defeat MR: 34%)
The hill giant easily resists.
Evoking this partially-identified wand wasted a few charges.
The giant frog hits you but does no damage.
The hill giant hits you with a giant club!!
* * * LOW HITPOINT WARNING * * *
Evoke which item? (* to show all) (? for menu, Esc to quit)
Zapping:
n - a wand of polymorph {zapped: 3} (will waste charges)
Press: ? - help, Shift-Dir - straight line, f/p - hill giant
Aim: a hill giant, wielding a giant club (chance to defeat MR: 28%)
The hill giant easily resists.
Evoking this partially-identified wand wasted a few charges.
The giant frog barely misses you.
The hill giant hits you with a giant club!!
You die...

##'### ############## #.# ..#
#'#### .....# .....# # .....# ###
.....# ##################.§
.....# ##hF♣C5YYYoo..Y.Y...#
.....########.W##################
.....'........## .....##########
.....# ..... .... ###


You could see a hill giant, 3 yaks, a hungry ghost, a giant frog, a hound, a
crimson imp and 2 orcs.

Vanquished Creatures
  A two-headed ogre (D:8)
  The ghost of Duffy the Magician, an amateur DESu (D:5)
  2 hippogriffs (D:7)
  2 sky beasts
  3 ice beasts
  An orc warrior (D:5)
  2 black bears (D:6)
  A necrophage (D:7)
  3 phantoms
  4 ogres
  4 centaurs
  Blork the orc (D:6)
  2 big kobolds
  5 giant frogs
  A water moccasin zombie (D:5)
  3 scorpions
  A water moccasin skeleton (D:5)
  3 killer bees (D:8)
  10 howler monkeys
  5 crimson imps
  4 giant frog zombies
  A centaur zombie (D:9)
  8 hounds
  Crazy Yiuf (D:7)
  A centaur skeleton (D:6)
  4 orc priests
  2 giant frog skeletons
  A jelly (D:8)
  7 orc wizards
  4 iguanas
  5 worker ants
  A hound skeleton (D:4)
  A howler monkey zombie (D:5)
  3 worker ant zombies (D:5)
  3 gnolls (D:6)
  14 adders
  2 shadow imps
  4 oozes
  An adder zombie (D:5)
  4 adder skeletons
  2 worms
  7 dart slugs
  11 giant geckos
  25 orcs
  6 bats
  6 giant cockroaches
  10 goblins
  5 hobgoblins
  18 jackals
  13 kobolds
  3 quokkas
  A giant cockroach zombie (D:5)
  A giant gecko skeleton (D:4)
  A giant gecko zombie (D:5)
  5 giant newts
  2 jackal zombies
  A quokka skeleton (D:5)
  6 rats
249 creatures vanquished.

Vanquished Creatures (collateral kills)
  Eustachio (D:4)
  An ogre (D:8)
2 creatures vanquished.

Grand Total: 251 creatures vanquished

Notes
Turn   | Place    | Note
--------------------------------------------------------------
     0 | D:1      | Liam the Deep Elf Wizard began the quest for the Orb.
     0 | D:1      | Reached XP level 1. HP: 10/10 MP: 7/7
    71 | D:1      | Reached skill level 5 in Spellcasting
   103 | D:1      | Reached XP level 2. HP: 15/15 MP: 6/10
   403 | D:1      | Reached XP level 3. HP: 15/19 MP: 4/12
   656 | D:1      | Reached skill level 6 in Spellcasting
   827 | D:1      | Learned a level 2 spell: Blink
   831 | D:1      | Learned a level 3 spell: Conjure Flame
   835 | D:1      | Learned a level 3 spell: Mephitic Cloud
   838 | D:1      | Learned a level 2 spell: Repel Missiles
   841 | D:1      | Learned a level 2 spell: Call Imp
  1365 | D:2      | Found a sacrificial altar of Ru.
  1369 | D:2      | Reached XP level 4. HP: 24/24 MP: 12/14
  1424 | D:2      | Found a glowing golden altar of the Shining One.
  2012 | D:3      | Reached XP level 5. HP: 16/28 MP: 5/16
  2382 | D:3      | Reached skill level 1 in Charms
  2382 | D:3      | Reached skill level 1 in Air Magic
  2649 | D:3      | Reached skill level 1 in Poison Magic
  2655 | D:3      | Found a shimmering altar of Xom.
  2780 | D:3      | Found an ancient bone altar of Kikubaaqudgha.
  2785 | D:3      | Reached skill level 1 in Fire Magic
  3123 | D:3      | Found a bloodstained altar of Trog.
  3677 | D:4      | Reached XP level 6. HP: 32/32 MP: 2/17
  4449 | D:4      | Found a burning altar of Makhleb.
  4475 | D:4      | Noticed Eustachio
  4763 | D:4      | Found a radiant altar of Vehumet.
  4765 | D:4      | Found a glowing silver altar of Zin.
  4770 | D:4      | Became a worshipper of Vehumet
  5295 | D:5      | Entered Level 5 of the Dungeon
  5296 | D:5      | Found Piem's Practical Paraphernalia.
  5379 | D:5      | Noticed an ice beast
  5397 | D:5      | Killed an ice beast
  5397 | D:5      | Reached skill level 7 in Spellcasting
  5397 | D:5      | Reached XP level 7. HP: 33/36 MP: 0/19
  6045 | D:5      | Found a basalt altar of Yredelemnul.
  6674 | D:5      | Found Uleoph's Armour Boutique.
  6828 | D:5      | Reached XP level 8. HP: 39/41 MP: 15/21
  6837 | D:5      | Reached * piety under Vehumet
  6837 | D:5      | Offered knowledge of Shock by Vehumet.
  6838 | D:5      | Noticed Duffy's ghost (amateur DESu)
  7047 | D:4      | Killed Eustachio
  7233 | D:5      | Reached skill level 5 in Conjurations
  8102 | D:5      | Killed Duffy's ghost
  8102 | D:5      | Reached skill level 8 in Spellcasting
  8441 | D:6      | Upgraded the game from 0.18-a0-1396-g8753ca6 to 0.18-a0-1405-g73f4075
  8817 | D:6      | Reached XP level 9. HP: 38/45 MP: 12/23
  9214 | D:6      | Found an oddly glowing altar of Pakellas.
  9420 | D:6      | Noticed Blork the orc
  9434 | D:6      | Killed Blork the orc
  9540 | D:6      | Reached ** piety under Vehumet
  9540 | D:6      | Offered knowledge of Throw Flame by Vehumet.
 10123 | D:7      | Noticed Crazy Yiuf
 10167 | D:7      | Killed Crazy Yiuf
 10300 | D:7      | Gained mutation: Your movements are slightly less encumbered by armour (ER -2). [potion of mutation]
 10300 | D:7      | Gained mutation: You are surrounded by a mild repulsion field (EV +2). [potion of mutation]
 10300 | D:7      | Gained mutation: You are occasionally teleported next to monsters. [potion of mutation]
 10490 | D:7      | Reached skill level 9 in Spellcasting
 10619 | D:7      | Reached skill level 5 in Air Magic
 10746 | D:7      | Found a staircase to the Ecumenical Temple.
 10997 | D:7      | Reached skill level 1 in Fighting
 11166 | D:7      | Found Jascheh's Distillery.
 11171 | D:7      | Bought a potion of heal wounds for 75 gold pieces
 11974 | D:8      | Offered knowledge of Throw Frost by Vehumet.
 12081 | D:8      | Found a shattered altar of Ashenzari.
 12409 | D:8      | Reached XP level 10. HP: 53/53 MP: 19/25
 12640 | D:8      | Reached *** piety under Vehumet
 12640 | D:8      | Reached skill level 10 in Spellcasting
 12901 | D:8      | Found a deep blue altar of Sif Muna.
 13803 | D:9      | Offered knowledge of Ignite Poison by Vehumet.
 14125 | D:9      | Found a sparkling altar of Nemelex Xobeh.
 14513 | D:10     | Entered Level 10 of the Dungeon
 14959 | D:10     | Noticed a hill giant
 15012 | D:10     | Noticed a hill giant
 15059 | D:10     | Gained mutation: You are agile. (Dex +2) [potion of mutation]
 15059 | D:10     | Gained mutation: Your natural rate of healing is unusually fast. [potion of mutation]
 15059 | D:10     | Gained mutation: You are robust (+10% HP). [potion of mutation]
 15060 | D:10     | Gained mutation: You have supernaturally acute eyesight. [potion of mutation]
 15060 | D:10     | Gained mutation: You tend to lose your temper in combat. [potion of mutation]
 15061 | D:10     | Gained mutation: You are very agile. (Dex +4) [potion of mutation]
 15061 | D:10     | Lost mutation: You are very agile. (Dex +4) [potion of mutation]
 15078 | D:10     | Demolished by a hill giant

Vault maps used:
D:1:      dpeg_arrival_chase
D:2:      tso_oasis_becter, nicolae_overflow_crystal_walls
D:3:      overflow_temple_1_default, nicolae_overflow_hidden_temple,
          marbit_many_paths, first_bread, grunt_ministairs_6,
          lemuel_flame_loot_1
D:4:      kennysheep_little_box, minitemple, serial_bayou_pond_c, uniq_eustachio
D:5:      kennysheep_mini, serial_undead, serial_undead_f, serial_undead_b,
          serial_undead_f, serial_undead_a, serial_shops,
          nicolae_shop_competitors_out_of_business, nicolae_alphabet_shops
D:6:      kennysheep_mini_moat, st_stairs_12, uniq_blork_the_orc
D:7:      temple_hall, serial_shops, nicolae_shop_crystal,
          uniq_crazy_yiuf_cottage
D:8:      evilmike_ruin_ashenzari, blue_anna_alchemist, david_defended_altar_elf
D:9:      nemelex_xobeh_ov_fountains_minmay

Skill      XL: |  1  2  3  4  5  6  7  8  9 10 |
---------------+-------------------------------+-----
Spellcasting   | 5 6 7 8 9 10 | 10.2
Conjurations   | 2 3 4 6 9 |  9.9
Charms         | 1 2 3 4 |  4.4
Air Magic      | 1 2 4 5 |  5.0
Poison Magic   | 1 2 4 |  4.0
Fire Magic     | 1 3 4 |  4.7
Summonings     | 2 3 4 |  4.1
Translocations | 2 3 |  3.0
Fighting       | 2 3 |  3.0
Dodging        | |  2.4
Stealth        | |  2.4

Action                   |  1- 3 |  4- 6 |  7- 9 | 10-12 || total
-------------------------+-------+-------+-------+-------++-------
Melee: Unarmed           |       |    51 |     6 |    10 ||    67
 Cast: Magic Dart        |   102 |   249 |   573 |   271 ||  1195
       Blink             |     4 |     2 |     9 |    10 ||    25
       Mephitic Cloud    |       |     7 |    29 |    12 ||    48
       Conjure Flame     |       |     4 |    24 |     3 ||    31
       Repel Missiles    |       |       |     2 |       ||     2
       Call Imp          |       |       |    12 |       ||    12
Evoke: Wand              |       |       |       |     5 ||     5
  Use: Scroll            |       |       |     5 |     1 ||     6
       Potion            |       |       |     8 |     8 ||    16
  Eat: Chunk             |     1 |    10 |    16 |    10 ||    37
       Pizza             |       |     1 |     1 |       ||     2
       Meat ration       |       |       |     1 |       ||     1
       Bread ration      |       |       |     1 |       ||     1
